 Dungeon Sprint DCSS version 0.23.2-1-ga50397a6bc (webtiles) character file.

Game seed: 14683646926920939256

977 Kobolds4U the Carver (level 7, 0/74 HPs)
             Began as a Minotaur Fighter on Apr 28, 2019.
             Was an Initiate of Okawaru.
             Slain by an orange demon (2 damage)
             ... summoned by a kobold demonologist
             ... in the Dungeon (Sprint I: "Red Sonja").
             The game lasted 00:03:03 (738 turns).

Kobolds4U the Carver (Minotaur Fighter)              Turns: 738, Time: 00:03:04

Health: 0/74       AC: 11    Str: 20      XL:     7   Next: 95%
Magic:  6/6        EV:  5    Int:  5      God:    Okawaru [......]
Gold:   421        SH:  9    Dex: 11 (12) Spells: 6/6 levels left

rFire    . . .     SeeInvis .   a - +0 long sword
rCold    . . .     Gourm    .   c - +0 shield
rNeg     . . .     Faith    .   o - +0 chain mail
rPois    .         Spirit   .   (helmet restricted)
rElec    .         Reflect  .   (no cloak)
rCorr    .         Harm     .   (no gloves)
MR       .....     NoTele   +   (no boots)
Stlth    ..........             (no amulet)
HPRegen  0.22/turn              (no ring)
MPRegen  0.10/turn              (no ring)

@: lethally poisoned (0 -> -45), weakened
A: retaliatory headbutt, horns 2
a: Renounce Religion


You were in the Dungeon.
You worshipped Okawaru.
Okawaru was noncommittal.
You were not hungry.

You visited 1 branch You collected 421 gold pieces.

Inventory:

Hand Weapons
 a - a +0 long sword (weapon)
Armour
 c - a +0 shield (worn)
 o - a +0 chain mail (worn)
Wands
 l - a wand of flame (25)
Scrolls
 k - a scroll of blinking
Potions
 d - a potion of might
 e - 2 potions of curing
 g - a potion of heal wounds
 h - a potion of haste
 i - 2 potions of magic
 j - a potion of berserk rage
 m - 2 potions of lignification {unknown}
Comestibles
 f - a ration


   Skills:
 + Level 11.2 Fighting
 * Level 14.5 Long Blades
 - Level 10.0 Armour
 - Level 3.6 Shields


You had 6 spell levels left.
You didn't know any spells.
Your spell library was empty.

Dungeon Overview and Level Annotations

Branches:
Dungeon (1/1)

Altars:
Cheibriados
Dithmenos
Elyvilon
Fedhas
Gozag
Hepliaklqana
Kikubaaqudgha
Makhleb
Nemelex Xobeh
Okawaru
Qazlal
Ru
Sif Muna
Trog
Uskayaw
Vehumet
Wu Jian
Xom
Yredelemnul
Zin
The Shining One
Jiyva
Lugonu

Shops:
D =


Innate Abilities, Weirdness & Mutations

You reflexively headbutt those who attack you in melee.
You have a pair of horns on your head.


Message History

Your headbutt misses the kobold demonologist.
The kobold demonologist is almost dead.
You feel very sick. The orange demon stings you!
* * * LOW HITPOINT WARNING * * *
You block the orange demon's attack. You block the quasit's attack.
The quasit claws you but does no damage.
You block the quasit's attack.
You block the kobold demonologist's attack.
You hit the kobold demonologist.
Your headbutt misses the kobold demonologist.
The kobold demonologist is almost dead.
* * * LOW HITPOINT WARNING * * *
You feel very sick.
The quasit bites you but does no damage.
The quasit claws you but does no damage.
You block the quasit's attack. The orange demon stings you from afar!
* * * LOW HITPOINT WARNING * * *
The orange demon stings you.
You die...

####################
)..#.)'..#__#..'@K.#
#..'..#..'^.'..#544#
##'#####.#__####4..+
#..#...#.#### #####
####..##[#
___##'#_.+
∩...'..._#
.__##_.#'#
___###+#.#


You could see 2 orange demons, a kobold demonologist, a chaos spawn and a
quasit.

Vanquished Creatures
  A kobold demonologist (D)
  A slime creature (D)
  Sigmund (D)
  A yak (D)
  A floating eye (D)
  An ogre (D)
  A jelly (D)
  Ijyb (D)
8 creatures vanquished.

Notes
Turn   | Place    | Note
-------+----------+-------------------------------------------
     0 | D        | Kobolds4U the Minotaur Fighter began the quest for the Orb.
     0 | D        | Reached XP level 1. HP: 19/19 MP: 0/0
     1 | D        | Noticed Ijyb
     6 | D        | Killed Ijyb
     6 | D        | Reached skill level 5 in Fighting
     6 | D        | Reached skill level 5 in Long Blades
     6 | D        | Reached skill level 5 in Armour
     6 | D        | Reached XP level 2. HP: 8/29 MP: 1/1
   236 | D        | Noticed an ogre
   242 | D        | Killed an ogre
   242 | D        | Reached skill level 8 in Long Blades
   242 | D        | Reached XP level 3. HP: 23/38 MP: 2/2
   242 | D        | Reached XP level 4. HP: 27/45 MP: 3/3
   360 | D        | Noticed Sigmund
   367 | D        | Killed Sigmund
   367 | D        | Reached skill level 10 in Long Blades
   367 | D        | Reached XP level 5. HP: 52/53 MP: 4/4
   383 | D        | Found a burning altar of Makhleb.
   383 | D        | Found a viscous altar of Jiyva.
   383 | D        | Found a shimmering altar of Xom.
   383 | D        | Found a corrupted altar of Lugonu.
   383 | D        | Noticed a slime creature
   390 | D        | Killed a slime creature
   390 | D        | Reached skill level 12 in Long Blades
   390 | D        | Reached XP level 6. HP: 18/64 MP: 5/5
   391 | D        | Found an ornate altar of the Wu Jian Council.
   391 | D        | Found a deep blue altar of Sif Muna.
   631 | D        | Found a radiant altar of Vehumet.
   656 | D        | Found Wonu's Jewellery Emporium.
   656 | D        | Found an ancient bone altar of Kikubaaqudgha.
   656 | D        | Found a hazy altar of Hepliaklqana.
   656 | D        | Found a hide-covered altar of Uskayaw.
   656 | D        | Found a basalt altar of Yredelemnul.
   656 | D        | Found an opulent altar of Gozag.
   656 | D        | Found a snail-covered altar of Cheibriados.
   656 | D        | Found a sacrificial altar of Ru.
   656 | D        | Found a shadowy altar of Dithmenos.
   656 | D        | Noticed a yak
   661 | D        | Killed a yak
   661 | D        | Reached skill level 10 in Fighting
   661 | D        | Reached skill level 13 in Long Blades
   661 | D        | Reached skill level 10 in Armour
   661 | D        | Reached XP level 7. HP: 67/72 MP: 6/6
   662 | D        | Found a stormy altar of Qazlal.
   662 | D        | Found a blossoming altar of Fedhas.
   662 | D        | Found a bloodstained altar of Trog.
   662 | D        | Found an iron altar of Okawaru.
   662 | D        | Found a glowing golden altar of the Shining One.
   662 | D        | Found a glowing silver altar of Zin.
   662 | D        | Found a white marble altar of Elyvilon.
   663 | D        | Found a sparkling altar of Nemelex Xobeh.
   683 | D        | Became a worshipper of Warmaster Okawaru
   708 | D        | Noticed a kobold demonologist
   709 | D        | Noticed a kobold demonologist
   714 | D        | Paralysed by a floating eye for 3 turns
   715 | D        | Noticed a chaos spawn
   721 | D        | Noticed a chaos spawn
   724 | D        | Paralysed by a floating eye for 2 turns
   726 | D        | Noticed an orange demon
   728 | D        | Killed a kobold demonologist
   728 | D        | Reached skill level 14 in Long Blades
   737 | D        | Noticed an orange demon
   738 | D        | HP: 2/74 [orange demon[a kobold demonologist] (8)]
   738 | D        | Slain by an orange demon

Skill      XL: |  1  2  3  4  5  6  7 |
---------------+----------------------+-----
Fighting       | 5 6 8 9 10 11 | 11.2
Long Blades    | 5 8 10 12 13 14 | 14.5
Armour         | 5 6 8 9 10 | 10.0
Shields        | |  3.6

Action                   |  1- 3 |  4- 6 |  7- 9 || total
-------------------------+-------+-------+-------++-------
Melee: Long sword        |     9 |    18 |    23 ||    50
       Headbutt          |     1 |     4 |     5 ||    10
Armor: Chain mail        |       |     1 |    25 ||    26
Dodge: Dodged            |     3 |     2 |     4 ||     9
Block: Shield            |     3 |     5 |    19 ||    27
       Rpst.: Long sword |       |     1 |       ||     1
